 Dungeon Crawl Stone Soup version 0.21-a0-472-g223bcb9 (webtiles) character file.

81 slep the Slasher (level 4, -3/35 HPs)
             Began as a Demonspawn Monk on Nov 22, 2017.
             Killed by nerve-wracking pain
             ... invoked by an orc priest
              (8 damage)
             ... on level 3 of the Dungeon.
             The game lasted 00:07:48 (2064 turns).

slep the Slasher (Demonspawn Monk)                  Turns: 2064, Time: 00:07:49

Health: -3/35      AC: 13    Str: 13    XL:     4   Next: 20%
Magic:  4/4        EV: 12    Int: 11    God:
Gold:   56         SH:  0    Dex: 15    Spells: 3/3 levels left

rFire    . . .     SeeInvis .   a - +0 falchion
rCold    . . .     Gourm    .   (no shield)
rNeg     + . .     Faith    .   h - +0 ring mail (curse)
rPois    .         Spirit   .   (no helmet)
rElec    .         Reflect  .   (no cloak)
rCorr    .         Harm     +   (no gloves)
MR       .....                  (no boots)
Stlth    +.........             k - amulet of harm
HPRegen  0.11/turn              s - ring of positive energy
MPRegen  0.09/turn              q - +6 ring of protection (curse)

@: no status effects
A: slimy green scales 1, powered by death 2
a: no special abilities


You were on level 3 of the Dungeon.
You were not hungry.

You visited 1 branch of the dungeon, and saw 3 of its levels.

You collected 56 gold pieces.

Inventory:

Hand Weapons
 a - a +0 falchion (weapon)
Missiles
 d - 26 poisoned needles
 p - a throwing net (quivered)
Armour
 b - a +0 robe
 f - a +0 ring mail
 h - a cursed +0 ring mail (worn)
Jewellery
 k - an amulet of harm (around neck)
 l - a +3 ring of evasion
 q - a cursed +6 ring of protection (right hand)
 s - a ring of positive energy (left hand)
Scrolls
 g - 3 scrolls of teleportation {unknown}
 m - 2 scrolls of identify {unknown}
 n - 4 scrolls of remove curse {unknown}
 x - a scroll of fog {unknown}
Potions
 e - a potion of brilliance {unknown}
 i - a potion of agility {unknown}
 j - 3 potions of flight {unknown}
 o - a potion of ambrosia {unknown}
 r - a potion of heal wounds {unknown}
 t - 2 potions of curing {unknown}
 v - a potion of degeneration {unknown}
Comestibles
 c - 9 bread rations
 u - 3 fruits
 w - a royal jelly
 z - 4 chunks of flesh


   Skills:
 + Level 3.3 Fighting
 + Level 3.5 Long Blades
 + Level 1.2 Armour
 + Level 3.2 Dodging
 + Level 2.0 Stealth


You had 3 spell levels left.
You didn't know any spells.

Dungeon Overview and Level Annotations

Branches:
Dungeon (3/15)

Altars:
Trog
Wu Jian


Innate Abilities, Weirdness & Mutations

You are partially covered in slimy green scales. (AC +2)
You regenerate health from kills.


Message History

The orc priest barely misses you.
You hit the orc priest but do no damage.
The orc priest is moderately wounded.
The orc priest hits you but does no damage.
You closely miss the orc priest.
The orc priest is moderately wounded.
The orc priest hits you with a short sword.
* * * LOW HITPOINT WARNING * * *
You hit the orc priest.
The orc priest is heavily wounded.
The orc priest hits you but does no damage.
You barely miss the orc priest.
The orc priest is heavily wounded.
The orc priest looks encouraged for a moment.
You closely miss the orc priest.
The orc priest is heavily wounded.
The orc priest hits you but does no damage.
The orc priest calls down the wrath of Beogh upon you.
Pain shoots through your body!
You die...

########### +.....o@).## #
#########..# # ....
##########.### ###### #..
+............# #....# # #..
..######.......######.#.##
. ...
.......'..................
###.#
#########.......######....#
..#.# ..#
#.......######....+ ..#.#
#.# #.....#.....###...#


You could see an orc priest.

Vanquished Creatures
  2 adders
  A worm (D:3)
  2 leopard geckos
  7 orcs (D:3)
  2 ball pythons
  8 goblins
  5 hobgoblins
  2 quokkas
  6 bats
  2 frilled lizards (D:2)
  5 kobolds
  7 rats
49 creatures vanquished.

Notes
Turn   | Place    | Note
-------+----------+-------------------------------------------
     0 | D:1      | slep the Demonspawn Monk began the quest for the Orb.
     0 | D:1      | Reached XP level 1. HP: 18/18 MP: 1/1
   312 | D:1      | Gained mutation: You are partially covered in slimy green scales. (AC +2) [demonic ancestry]
   312 | D:1      | Reached XP level 2. HP: 23/24 MP: 2/2
   714 | D:2      | Found a bloodstained altar of Trog.
  1078 | D:2      | Gained mutation: You regenerate a little health from kills. [demonic ancestry]
  1078 | D:2      | Reached XP level 3. HP: 29/29 MP: 3/3
  1566 | D:2      | Found an ornate altar of the Wu Jian Council.
  1720 | D:3      | Reached skill level 1 in Armour
  1858 | D:3      | Gained mutation: You regenerate health from kills. [demonic ancestry]
  1858 | D:3      | Reached XP level 4. HP: 35/35 MP: 4/4
  2064 | D:3      | Killed from afar by an orc priest

Vault maps used:
D:1:      mrwooster_arrival_statue_3
D:2:      lemuel_doored_altar, first_bread, trog_hazing_becter
D:3:      uniq_sigmund, uniq_terence

Skill      XL: |  1  2  3 |
---------------+----------+-----
Long Blades    | 3 |  3.5
Dodging        | 3 |  3.2
Stealth        | 2 |  2.0
Armour         | 1 |  1.2
Fighting       | |  3.3

Action                   |  1- 3 |  4- 6 || total
-------------------------+-------+-------++-------
Melee: Falchion          |   138 |    34 ||   172
 Stab: Sleeping          |     1 |     1 ||     2
  Eat: Chunk             |     2 |     2 ||     4
Armor: Ring mail         |    56 |     9 ||    65
       Robe              |     1 |       ||     1
Dodge: Dodged            |   111 |    21 ||   132
       Rpst.: Falchion   |    30 |     5 ||    35

Table legend:
 A = Spawn XP
 B = Non-spawn XP
 C = Spawn XP percentage of total XP
 D = Spawn monster count
 E = Non-spawn monster count
 F = Spawn count percentage of total count
 G = Total turns spent on level
                    A         B        C        D         E        F      G
               +---------+---------+-------+---------+---------+-------+---------
         Total |       0 |     117 |   0.0 |       0 |      49 |   0.0 |  2064
               +---------+---------+-------+---------+---------+-------+---------
           D:1 |       0 |      16 |   0.0 |       0 |      10 |   0.0 |   667
           D:2 |       0 |      46 |   0.0 |       0 |      20 |   0.0 |   974
           D:3 |       0 |      55 |   0.0 |       0 |      19 |   0.0 |   423
               +---------+---------+-------+---------+---------+-------+---------
